 Dungeon Crawl Stone Soup version 0.24.0-13-gcf9b3192b9 (webtiles) character file.

Game seed: 8348198393274724097, levelgen mode: deterministic

61 Acheron the Charmwright (level 3, 0/21 HPs)
             Began as a Deep Elf Skald on Nov 10, 2019.
             Slain by Sigmund
             ... wielding a +3 scythe of protection
              (7 damage)
             ... on level 3 of the Dungeon.
             The game lasted 00:12:16 (2629 turns).

Acheron the Charmwright (Deep Elf Skald)            Turns: 2629, Time: 00:12:17

Health: 0/21       AC:  6    Str:  8    XL:     3   Next: 83%
Magic:  9/9        EV: 11    Int: 17    God:
Gold:   201        SH:  0    Dex: 15    Spells: 3/8 levels left

rFire    + . .     SeeInvis .   a - +1 falchion
rCold    + . .     Gourm    .   (no shield)
rNeg     . . .     Faith    .   k - +0 ring mail
rPois    +         Spirit   .   (no helmet)
rElec    +         Reflect  .   (no cloak)
rCorr    +         Harm     .   r - +0 pair of gloves
MR       .....                  (no boots)
Stlth    +.........             (no amulet)
HPRegen  0.07/turn              (no ring)
MPRegen  0.11/turn              (no ring)

@: resistant, infused (expiring)
A: no striking features
a: no special abilities


You were on level 3 of the Dungeon.
You were not hungry.

You visited 1 branch of the dungeon, and saw 3 of its levels.

You collected 201 gold pieces.

Inventory:

Hand Weapons
 a - a +1 falchion (weapon)
 c - a +0 dagger
 l - a +0 short sword
Missiles
 g - 32 stones
 h - 11 poisoned darts (quivered)
Armour
 b - a +0 leather armour
 k - a +0 ring mail (worn)
 r - a +0 pair of gloves (worn)
Wands
 i - a wand of flame (18)
Scrolls
 f - a scroll of fog
 o - a scroll of identify
Potions
 p - a potion of flight
 q - a potion of agility {unknown}
Comestibles
 d - 3 rations


   Skills:
 * Level 2.1 Fighting
 + Level 2.1 Long Blades
 * Level 0.9 Armour
 * Level 3.0 Dodging
 * Level 0.5 Stealth
 + Level 3.2 Spellcasting
 + Level 4.9 Charms
 * Level 0.6 Translocations
 * Level 0.9 Evocations


You had 3 spell levels left.
You knew the following spells:

 Your Spells              Type           Power        Failure   Level  Hunger
a - Infusion              Chrm           ###.         7%          1    None
b - Shroud of Golubria    Chrm/Tloc      ##....       26%         2    ##.....
c - Song of Slaying       Chrm           ###.....     11%         2    ##.....

Your spell library contained the following spells:

 Spells                   Type           Power        Failure   Level  Hunger
 Regeneration             Chrm/Necr      ##........   50%         3    ###....
 Spectral Weapon          Hex/Chrm       ##......     50%         3    ###....


Dungeon Overview and Level Annotations

Branches:
Dungeon (3/15)

Altars:
Cheibriados
Wu Jian
Zin

Annotations:
D:2 exclusion: 2 downstairs
D:3 1 runed translucent door, Grinder, Sigmund


Message History

p - a potion of flight
As you read the scroll of identify, it crumbles to dust.
e - a potion of resistance Sigmund barely misses you.
You feel protected.
Grinder blinks!
Sigmund casts a spell.
Sigmund flickers and vanishes!
Deactivating autopickup; reactivate with Ctrl-A.
Your shroud begins to fray at the edges.
Grinder gestures at you. You resist with significant effort.
A puff of flame appears from out of thin air!
The puff of flame hits you. You resist.
Found a ration.
Grinder blinks!
Something hits you.
Your magical infusion is running out.
Your shroud unravels.
Something hits you!
You die...

#.###.. .... .)#...#.....#
#+ .# .....##.....# #. #.#
............###. #.##
.....#..#...'.._ #..#
##...#.o.#..# #. #..#####
.o..........# #. #.....%#
.##..%oo.b..###'###......#
####............@........#
#...<.................#
##..........##........#
##....#...........####
#.....###.$.###5..#
...#######.#.§##.#.# #
..## ##..##§§§_..# .#.
#....§§§#.### # #§§..#


You could see Grinder and a bat.

Vanquished Creatures
  A worm (D:2)
  2 dart slugs (D:2)
  4 leopard geckos
  2 orcs
  3 bats (D:2)
  5 giant cockroaches
  5 goblins
  9 hobgoblins
  6 kobolds
  2 frilled lizards (D:2)
  4 rats
43 creatures vanquished.

Notes
Turn   | Place    | Note
-------+----------+-------------------------------------------
     0 | D:1      | Acheron the Deep Elf Skald began the quest for the Orb.
     0 | D:1      | Reached XP level 1. HP: 12/12 MP: 6/6
   102 | D:1      | Reached XP level 2. HP: 17/17 MP: 8/8
   109 | D:1      | Learned a level 2 spell: Shroud of Golubria
   112 | D:1      | Learned a level 2 spell: Song of Slaying
   374 | D:3      | Noticed Grinder
   517 | D:3      | Found a glowing silver altar of Zin.
   517 | D:3      | Found a runed translucent door.
   517 | D:3      | Noticed an angel
   822 | D:2      | Reached XP level 3. HP: 21/21 MP: 4/9
  2612 | D:3      | Noticed Sigmund
  2614 | D:3      | Found a snail-covered altar of Cheibriados.
  2629 | D:3      | Found an ornate altar of the Wu Jian Council.
  2629 | D:3      | Slain by Sigmund

Levels and vault maps discovered:
D:1:      elethiomel_arrival_infinity_welcomes_careful_drivers, layout_basic,
          kennysheep_nondescript
D:2:      layout_loops_corners
D:3:      layout_rooms, grunt_temple_overflow_order_and_chaos_1,
          lemuel_crystal_altar, nicolae_overflow_hidden_temple,
          lemuel_doored_altar, first_ration, lemuel_angel_altar, uniq_grinder,
          uniq_robin, uniq_sigmund

Skill      XL: |  1  2  3 |
---------------+----------+-----
Long Blades    | 2 |  2.1
Fighting       | 2 |  2.1
Dodging        | 3 |  3.0
Armour         | |  0.9
Stealth        | |  0.5
Spellcasting   | |  3.2
Charms         | |  4.9
Translocations | |  0.6
Evocations     | |  0.9

Action                   || total
-------------------------++-------
Melee: Falchion          ||   121
 Cast: Infusion          ||    29
       Shroud of Golubri ||    14
  Use: Scroll            ||     7
       Potion            ||     1
 Stab: Sleeping          ||     1
  Eat: Chunk             ||     3
       Ration            ||     1
Armor: Leather armour    ||    15
       Ring mail         ||    22
Dodge: Dodged            ||    85
       Rpst.: Falchion   ||    24
